 Dungeon Crawl Stone Soup version 0.23.2-1-ga50397a (webtiles) character file.

Game seed: 7013246853686730406

302 troglodite the Covert (level 6, -1/42 HPs)
             Began as an Octopode Assassin on May 7, 2019.
             Killed by divine providence
             ... invoked by an orc priest
              (12 damage)
             ... on level 4 of the Dungeon.
             The game lasted 00:14:47 (4462 turns).

troglodite the Covert (Octopode Assassin)           Turns: 4462, Time: 00:14:48

Health: -1/42      AC:  1    Str: 11    XL:     6   Next: 37%
Magic:  7/7        EV: 14    Int: 13    God:
Gold:   175        SH:  0    Dex: 21    Spells: 7/7 levels left

rFire    . . .     SeeInvis .   a - +2 dagger
rCold    . . .     Gourm    .   (no shield)
rNeg     . . .     Faith    .   (helmet restricted)
rPois    .         Spirit   .   (no amulet)
rElec    .         Reflect  .   o - +6 ring of dexterity
rCorr    .         Harm     .   (no ring)
MR       .....                  (no ring)
Stlth    +++++.....             (no ring)
HPRegen  0.14/turn              (no ring)
MPRegen  0.10/turn              (no ring)
                                (no ring)
                                (no ring)

@: no status effects
A: almost no armour, stealthy swim, amphibious, 8 rings, constrict 8, camouflage
1, gelatinous body 1
a: no special abilities


You were on level 4 of the Dungeon.
You were hungry.

You visited 1 branch of the dungeon, and saw 4 of its levels.

You collected 175 gold pieces.

Inventory:

Hand Weapons
 a - a +2 dagger (weapon)
 b - a +0 blowgun
Missiles
 c - 15 poisoned needles
 d - 2 curare-tipped needles
Jewellery
 k - an uncursed ring of magical power {unknown}
 o - a +6 ring of dexterity (left tentacle)
Wands
 r - a wand of disintegration (17)
Scrolls
 e - 2 scrolls of teleportation
 i - 3 scrolls of noise {unknown}
 j - 2 scrolls of fog {unknown}
 l - 3 scrolls of blinking {unknown}
 p - a scroll of remove curse {unknown}
 q - a scroll of magic mapping {unknown}
Potions
 h - a potion of haste
 m - a potion of curing
 n - 2 potions of heal wounds
 s - a potion of mutation
 t - a potion of ambrosia
 u - a potion of degeneration {unknown}
 v - a potion of brilliance {unknown}
 w - a potion of flight {unknown}
Comestibles
 f - 6 rations


   Skills:
 * Level 3.0 Fighting
 + Level 2.9 Short Blades
 + Level 2.1 Throwing
 * Level 2.1 Dodging
 * Level 8.3 Stealth
 * Level 1.2 Spellcasting


You had 7 spell levels left.
You didn't know any spells.
Your spell library was empty.

Dungeon Overview and Level Annotations

Branches:
Dungeon (4/15)
 Temple: D:4-7

Altars:
Nemelex Xobeh
Xom


Innate Abilities, Weirdness & Mutations

You cannot wear most types of armour.
You are very stealthy in the water. (Stealth+)
You are amphibious.
You can wear up to eight rings at the same time.
You can use your tentacles to constrict eight enemies at once.
Your skin changes colour to match your surroundings (Stealth+).
Your rubbery body absorbs attacks. (AC +1, EV +1)


Message History

You hit the orc. You grab the orc. You squeeze the orc, but do no damage.
The orc is moderately wounded.
You constrict the orc. The adder skeleton closely misses you.
You hit the orc.
The orc is heavily wounded.
You constrict the orc. The orc hits you with a +0 war axe.
The adder skeleton bites you.
You release your grip on the orc.
The orc priest looks satisfied for a moment.
The orc priest mumbles some strange prayers to Beogh against you.
Beogh smites you!
The orc priest invokes the aid of Beogh against you.
Beogh smites you!
* * * LOW HITPOINT WARNING * * *
The giant cockroach waves its antennae.
The orc sings a few bars from the Orcish anthem.
The orc priest looks braver for a moment.
The orc priest invokes the aid of Beogh against you.
Beogh smites you!
You die...

#..%.......#
#.....o....###
#....o.......
#...ooo....###
#............#
##...Jso....##
##....Z.#...#
####oo...# ##@#####
########..#### . .##
#........##..# #..
...##
###.#########..###...#
#...
#.........[....#...#
##..
#############....# #..
###.....### #..
#.....### #..
#.##.##############..


You could see a jelly, 3 orc priests, an orc wizard, 4 orcs, a giant cockroach
and an adder skeleton.

Vanquished Creatures
  Blork the orc (D:4)
  Crazy Yiuf (D:2)
  Jessica (D:2)
  2 worker ants
  3 adders
  An ooze (D:1)
  An adder skeleton (D:4)
  A worm (D:3)
  A dart slug (D:2)
  3 leopard geckos (D:1)
  7 orcs
  8 giant cockroaches
  6 hobgoblins
  12 jackals
  6 kobolds
  2 quokkas (D:4)
  A ball python (D:2)
  11 bats
  5 frilled lizards
  3 goblins
  7 rats (D:1)
83 creatures vanquished.

Notes
Turn   | Place    | Note
-------+----------+-------------------------------------------
     0 | D:1      | troglodite the Octopode Assassin began the quest for the
                  | Orb.
     0 | D:1      | Reached XP level 1. HP: 14/14 MP: 1/1
   143 | D:1      | Reached XP level 2. HP: 17/19 MP: 2/2
   483 | D:1      | Reached skill level 6 in Stealth
   684 | D:1      | Reached XP level 3. HP: 20/24 MP: 3/3
  1297 | D:2      | Noticed Jessica
  1307 | D:2      | Killed Jessica
  1307 | D:2      | Reached XP level 4. HP: 17/29 MP: 4/4
  1484 | D:2      | Found a runed translucent door.
  1485 | D:2      | Noticed Crazy Yiuf
  1570 | D:2      | Reached skill level 7 in Stealth
  2474 | D:2      | Killed Crazy Yiuf
  2474 | D:2      | Reached XP level 5. HP: 35/35 MP: 4/6
  2792 | D:3      | Found a shimmering altar of Xom.
  2925 | D:3      | Found a sparkling altar of Nemelex Xobeh.
  3278 | D:4      | Reached skill level 1 in Spellcasting
  3529 | D:4      | Noticed an ogre
  3530 | D:4      | Noticed a phantom
  3573 | D:4      | Noticed Blork the orc
  3587 | D:4      | Killed Blork the orc
  3587 | D:4      | Reached skill level 8 in Stealth
  3587 | D:4      | Reached XP level 6. HP: 13/42 MP: 7/7
  4462 | D:4      | Killed from afar by an orc priest

Skill      XL: |  1  2  3  4  5 |
---------------+----------------+-----
Stealth        | 6 7 8 |  8.3
Spellcasting   | 1 |  1.2
Dodging        | 2 |  2.1
Fighting       | 3 |  3.0
Short Blades   | |  2.9
Throwing       | |  2.1

Action                   |  1- 3 |  4- 6 || total
-------------------------+-------+-------++-------
Melee: Dagger            |    44 |   124 ||   168
       Tentacles         |     6 |    29 ||    35
       Constrict         |     8 |    32 ||    40
 Fire: Blowgun           |       |     5 ||     5
  Use: Scroll            |       |     6 ||     6
 Stab: Sleeping          |    10 |    20 ||    30
  Eat: Chunk             |       |     7 ||     7
       Ration            |       |     1 ||     1
Armor: Skin              |     5 |     5 ||    10
Dodge: Dodged            |    28 |    63 ||    91
